 Dungeon Crawl Stone Soup version 0.29.1-4-g47bece8355 (webtiles) character file.

Game seed: 7626482627355181566

21 hawla the Firebug (level 3, 0/26 HPs)
             Began as a Meteoran Fire Elementalist on Dec 7, 2022.
             Slain by a gnoll
             ... wielding a +0 flail
              (9 damage)
             ... on level 3 of the Dungeon on Dec 8, 2022.
             The game lasted 00:03:02 (304 turns).

hawla the Firebug (Meteoran Fire Elementalist)       Turns: 304, Time: 00:03:02

Health: 0/26       AC:  2    Str:  9    XL:     3   Next: 20%
Magic:  6/8        EV: 13    Int: 18    God:
Gold:   21         SH:  0    Dex: 15    Spells: 5/8 levels left

rFire   . . .      SeeInvis .   d - staff of cold
rCold   + . .      Faith    .   (no shield)
rNeg    . . .      Spirit   .   a - +0 robe
rPois   .          Reflect  .   (no helmet)
rElec   .          Harm     .   (no cloak)
rCorr   .          Rampage  .   (no gloves)
Will    .....                   (no boots)
Stlth   +.........              (no amulet)
HPRegen 0.08/turn               (no ring)
MPRegen 0.11/turn               (no ring)

@: lethally poisoned (0 -> -5), very slightly contaminated, glowing
A: sense surroundings 1, otherworldly, glowing, explore regen
a: no special abilities


You were on level 3 of the Dungeon.
You visited 1 branch of the dungeon, and saw 3 of its levels.

You collected 21 gold pieces.

Inventory:

Armour
 a - a +0 robe (worn)
Magical Staves
 d - a staff of cold (weapon)
Wands
 g - a wand of flame (31)
Potions
 c - a potion of brilliance {unknown}
 e - 2 potions of curing {unknown}
 f - a potion of might {unknown}


   Skills:
 - Level 2.7 Dodging
 - Level 1.4 Stealth
 - Level 3.0 Spellcasting
 - Level 1.4 Conjurations
 - Level 4.1 Fire Magic
 + Level 0.7 Ice Magic
 + Level 0.8 Evocations


You had 5 spell levels left.
You knew the following spells:

 Your Spells              Type           Power      Damage    Failure   Level
a - Foxfire               Conj/Fire      48%        2x1d6     5%          1
b - Scorch                Fire           34%        2d6       4%          2

Your spell library contained the following spells:

 Spells                   Type           Power      Damage    Failure   Level
 Conjure Flame            Conj/Fire      12%        6-21      16%         3
 Inner Flame              Hex/Fire       10%        N/A       22%         3
 Flame Wave               Conj/Fire      12%        2d6       45%         4


Dungeon Overview and Level Annotations

Branches:
Dungeon (3/15) Zot: 1495

Altars:

Shops:
D:3 :*


Innate Abilities, Weirdness & Mutations

You passively map a small area around you.
You are easily found by Zot.
You glow in the dark.
You regain HP and MP as you explore.


Message History

You conjure some foxfire!
A gnoll comes into view. It is wielding a +0 halberd.
The adder bites you.
Casting: Foxfire (safe; 5% risk of failure)
Confirm with . or Enter, or press ? or * to list all spells.
Flames lash the hobgoblin.
You kill the hobgoblin!
You hear an angry hiss.
The foxfire hits the adder.
The adder is heavily wounded.
The foxfire hits the adder.
The adder is heavily wounded.
The adder bites you.
A gnoll comes into view. It is wielding a +1 vorpal flail.
Casting: Scorch (safe; 4% risk of failure)
Confirm with . or Enter, or press ? or * to list all spells.
You miscast Foxfire.
You are very lightly contaminated with residual magic.
Nothing appears to happen.
The gnoll shouts!
The adder closely misses you. The adder bites you.
Magic courses through your body. The gnoll misses you. The adder bites you.
You are poisoned.
The adder poisons you!
Casting: Foxfire (safe; 5% risk of failure)
Confirm with . or Enter, or press ? or * to list all spells.
Flames lash the adder.
The adder is almost dead.
The adder's fire resistance burns away.
You feel sick. The adder barely misses you.
A goblin comes into view. It is wielding a +0 dagger.
A gnoll comes into view. It is wielding a +0 halberd.
The gnoll misses you.
A ball python comes into view.
Casting: Scorch (safe; 4% risk of failure)
Confirm with . or Enter, or press ? or * to list all spells.
You conjure some foxfire!
You feel sick. The adder barely misses you.
The gnoll hits you from afar with a +0 halberd.
The gnoll hits you with a +0 flail!
You die...

........#
.........S........#
..................# ,
..................## ,
........!....)..... ##
, ......:...g##g....
>.. ~
...$..)...$##..#**....
.......gS......###....
g..g...@vg....∩.......
.g......v...##........
,
............##..##....
,
................##,...*
, .................# ..
, .(...............#*
..∩..............#
.................# , ,
......)...#


You could see 5 gnolls, an adder (combustible, ally target), a goblin and a ball
python.

Vanquished Creatures
  2 dart slugs (D:2)
  2 orcs (D:3)
  2 endoplasms
  3 goblins
  2 hobgoblins (D:3)
  A ball python (D:2)
  2 rats
  A butterfly (D:3)
15 creatures vanquished.

Vanquished Creatures (others)
  3 demonic plants (D:2)
  34 foxfires
  3 fungi (D:2)
  3 withered plants (D:2)
43 creatures vanquished.

Grand Total: 58 creatures vanquished

Notes
Turn   | Place    | Note
-------+----------+-------------------------------------------
     0 | D:1      | hawla the Meteoran Fire Elementalist began the quest for
                  | the Orb.
     0 | D:1      | Reached XP level 1. HP: 14/14 MP: 5/5
    90 | D:2      | Reached XP level 2. HP: 20/20 MP: 3/6
    93 | D:2      | Learned a level 2 spell: Scorch
   182 | D:2      | Reached skill level 4 in Fire Magic
   269 | D:3      | Reached XP level 3. HP: 17/26 MP: 5/8
   269 | D:3      | Found Koulesug's Assorted Antiques.
   296 | D:3      | Found Depeave's Book Shop.
   304 | D:3      | Slain by a gnoll

Illustrated notes

Levels and vault maps discovered:
D:1:      dpeg_arrival_tiny_a, layout_rooms
D:2:      layout_basic, shapermc_ecumenical_altar_gd
D:3:      layout_basic, serial_shops, nicolae_square_shop,
          nicolae_shop_overgrown_old_shop, shop, hangedman_glass_garden,
          minmay_strange_pillars

Skill      XL: |  1  2 |
---------------+-------+-----
Spellcasting   | 3 |  3.0
Fire Magic     | 4 |  4.1
Dodging        | |  2.7
Stealth        | |  1.4
Conjurations   | |  1.4
Ice Magic      | |  0.7
Evocations     | |  0.8

Action                   || total
-------------------------++-------
Melee: Unarmed           ||    14
       Staff             ||     1
 Cast: Foxfire           ||    25
       Scorch            ||     5
  Use: Scroll            ||     1
       Potion            ||     1
Armor: Robe              ||     6
Dodge: Dodged            ||    14
